SNL (28 & UNDER)
WEST VIRGINIA POWER @ BLACKIRON DRAGONS
04/19/2025
 
TOP OF THE 1ST
West Virginia Power batting - Pitching for BlackIron Dragons : RHP Fernando Mendoza
Pitching: RHP Fernando Mendoza
Batting: SHB Claudio Morán 0-0: Swinging Strike
0-1: Foul Ball, location: 2F
0-2: Strikes out swinging
Batting: RHB Dave McGrath 0-0: Foul Ball, location: 2F
0-1: Ball
1-1: Ground out 5-3 (Groundball, 5S)
Batting: RHB Roberto Tobías 0-0: Called Strike
0-1: Ball
1-1: Called Strike
1-2: Strikes out swinging
Top of the 1st over - 0 run(s), 0 hit(s), 0 error(s), 0 left on base; West Virginia 0 - BlackIron 0
BOTTOM OF THE 1ST
BlackIron Dragons batting - Pitching for West Virginia Power : LHP Abdul-Qadir bin Nasser
Pitching: LHP Abdul-Qadir bin Nasser
Batting: LHB Donnie Cunningham 0-0: Ball
1-0: Called Strike
1-1: Ball
2-1: Foul Ball, location: 2F
2-2: Ground out 4-3 (Groundball, 34)
Batting: RHB Edgardo Carrasco 0-0: Foul Ball, location: 2F
0-1: Ground out 5-3 (Groundball, 56S)
Batting: LHB Leonard Young 0-0: Called Strike
0-1: Foul Ball, location: 2F
0-2: Ball
1-2: SOLO HOME RUN (Line Drive, 9D), Distance : 409 ft
Batting: RHB Jesús Cruz 0-0: Fly out, F8 (Flyball, 8RM)
Bottom of the 1st over - 1 run(s), 1 hit(s), 0 error(s), 0 left on base; West Virginia 0 - BlackIron 1
TOP OF THE 2ND
West Virginia Power batting - Pitching for BlackIron Dragons : RHP Fernando Mendoza
Batting: SHB Edward Bartlett 0-0: Ball
1-0: Ball
2-0: Called Strike
2-1: Foul Ball, location: 2F
2-2: Foul Ball, location: 2F
2-2: Foul Ball, location: 2F
2-2: Ground out 6-3 (Groundball, 6M)
Batting: LHB Bernardo Montés 0-0: Foul Ball, location: 2F
0-1: Hit by Pitch
Batting: LHB Héctor Soto 0-0: Ball
1-0: Foul Ball, location: 2F
1-1: Ball
2-1: Fly out, F7 (Flyball, 78D)
Batting: RHB Lance Wolf 0-0: Ball
1-0: Foul Ball, location: 2F
1-1: Foul Ball, location: 2F
1-2: Reached on error, E6 (Groundball, 6)
Bernardo Montés to second
Batting: LHB Jesús Ángel 0-0: Ball
1-0: Ball
2-0: Called Strike
2-1: Swinging Strike
2-2: Strikes out swinging
Top of the 2nd over - 0 run(s), 0 hit(s), 1 error(s), 2 left on base; West Virginia 0 - BlackIron 1
BOTTOM OF THE 2ND
BlackIron Dragons batting - Pitching for West Virginia Power : LHP Abdul-Qadir bin Nasser
Batting: RHB Boyd Pittman 0-0: Ball
1-0: Ball
2-0: Ground out 1-3 (Groundball, 13)
Batting: LHB Culley Vaughan 0-0: Fly out, F9 (Flyball, 89M)
Batting: LHB Tommy Payne 0-0: Ground out 1-3 (Groundball, 15)
Bottom of the 2nd over - 0 run(s), 0 hit(s), 0 error(s), 0 left on base; West Virginia 0 - BlackIron 1
TOP OF THE 3RD
West Virginia Power batting - Pitching for BlackIron Dragons : RHP Fernando Mendoza
Batting: LHB Héctor Cruz 0-0: Ball
1-0: Called Strike
1-1: SINGLE (Groundball, 4M)
Batting: SHB Claudio Morán 0-0: Foul Ball, location: 2F
0-1: Swinging Strike
0-2: Strikes out swinging
Batting: RHB Dave McGrath 0-0: Foul Ball, location: 2F
0-1: SINGLE (Line Drive, 6M)
Héctor Cruz to second
Runner from 2nd tries for 3rd, SAFE, throw made to third
Batting: RHB Roberto Tobías 0-0: Ball
1-0: Ball
2-0: Ball
3-0: Called Strike
3-1: SINGLE (Line Drive, 8LS)
Héctor Cruz scores
Dave McGrath to second
Batting: SHB Edward Bartlett 0-0: Ball
1-0: Called Strike
1-1: SINGLE (Groundball, 4)
Dave McGrath to third
Roberto Tobías to second
Runner from 3rd tries for Home, SAFE, throw made home
Roberto Tobías to third
Edward Bartlett to second
Batting: LHB Bernardo Montés 0-0: Foul Ball, location: 2F
0-1: Ball
1-1: Ball
2-1: Foul Ball, location: 2F
2-2: Fly out, F8 (Flyball, 8RD)
Runner from 3rd tags up, SCORES, throw made
Batting: LHB Héctor Soto 0-0: Foul Ball, location: 2F
0-1: Called Strike
0-2: Foul Ball, location: 2F
0-2: Ball
1-2: Strikes out looking
Top of the 3rd over - 3 run(s), 4 hit(s), 0 error(s), 1 left on base; West Virginia 3 - BlackIron 1
BOTTOM OF THE 3RD
BlackIron Dragons batting - Pitching for West Virginia Power : LHP Abdul-Qadir bin Nasser
Batting: SHB Rick Turner 0-0: Ball
1-0: Foul Ball, location: 2F
1-1: Foul Ball, location: 2F
Single, Error in OF, E8, batter to second base
Batting: RHB Eugene Payne 0-0: Called Strike
0-1: SINGLE (Line Drive, 6MD)
Rick Turner to third
Batting: LHB Donnie Cunningham 0-0: Ball
1-0: Ball
Eugene Payne is caught stealing 2nd base
2-0: Called Strike
2-1: Fly out, F9 (Flyball, 9M)
Runner from 3rd tags up, SCORES, throw made
Batting: RHB Edgardo Carrasco 0-0: Ball
1-0: Ball
2-0: Ball
3-0: Called Strike
3-1: Called Strike
3-2: Base on Balls
Batting: LHB Leonard Young 0-0: Called Strike
0-1: Foul Ball, location: 2F
0-2: Strikes out swinging
Bottom of the 3rd over - 1 run(s), 2 hit(s), 1 error(s), 1 left on base; West Virginia 3 - BlackIron 2
TOP OF THE 4TH
West Virginia Power batting - Pitching for BlackIron Dragons : RHP Fernando Mendoza
Batting: RHB Lance Wolf 0-0: Called Strike
0-1: Called Strike
0-2: Foul Ball, location: 2F
0-2: Strikes out swinging
Batting: LHB Jesús Ángel 0-0: Swinging Strike
0-1: Ball
1-1: Foul Ball, location: 2F
1-2: Foul Ball, location: 2F
1-2: Ball
2-2: Ground out 6-3 (Groundball, 6)
Batting: LHB Héctor Cruz 0-0: Ball
1-0: Ball
2-0: Ball
3-0: Base on Balls
Batting: SHB Claudio Morán 0-0: Ball
1-0: Swinging Strike
1-1: Foul Ball, location: 2F
1-2: Foul Ball, location: 2F
1-2: Ball
2-2: Strikes out swinging
Top of the 4th over - 0 run(s), 0 hit(s), 0 error(s), 1 left on base; West Virginia 3 - BlackIron 2
BOTTOM OF THE 4TH
BlackIron Dragons batting - Pitching for West Virginia Power : LHP Abdul-Qadir bin Nasser
Batting: RHB Jesús Cruz 0-0: Ground out 6-3 (Groundball, 6M)
Batting: RHB Boyd Pittman 0-0: Ball
1-0: Ground out 4-3 (Groundball, 4M)
Batting: LHB Culley Vaughan 0-0: Ball
1-0: Ground out 4-3 (Groundball, 34)
Bottom of the 4th over - 0 run(s), 0 hit(s), 0 error(s), 0 left on base; West Virginia 3 - BlackIron 2
TOP OF THE 5TH
West Virginia Power batting - Pitching for BlackIron Dragons : RHP Fernando Mendoza
Batting: RHB Dave McGrath 0-0: Ball
1-0: Ball
2-0: Ball
3-0: Base on Balls
Batting: RHB Roberto Tobías 0-0: Ball
1-0: Swinging Strike
1-1: Called Strike
1-2: Foul Ball, location: 2F
1-2: Strikes out swinging
Batting: SHB Edward Bartlett 0-0: Fly out, F6 (Popup, 56D)
Batting: LHB Bernardo Montés 0-0: Ball
1-0: Ball
2-0: Foul Ball, location: 2F
2-1: Ground out U3 (Groundball, 3L)
Top of the 5th over - 0 run(s), 0 hit(s), 0 error(s), 1 left on base; West Virginia 3 - BlackIron 2
BOTTOM OF THE 5TH
BlackIron Dragons batting - Pitching for West Virginia Power : LHP Abdul-Qadir bin Nasser
Batting: LHB Tommy Payne 0-0: Swinging Strike
0-1: Ball
1-1: Swinging Strike
1-2: Foul Ball, location: 2F
1-2: Ball
2-2: Foul Ball, location: 2F
2-2: Hit by Pitch
Batting: SHB Rick Turner 0-0: Called Strike
0-1: Ball
1-1: Fielders Choice at 2nd, 6-4 (Groundball, 56)
Batting: RHB Eugene Payne 0-0: Swinging Strike
0-1: Ball
1-1: Called Strike
1-2: Foul Ball, location: 2F
1-2: Ball
2-2: Foul Ball, location: 2F
2-2: Fly out, F3 (Popup, 3L)
Batting: LHB Donnie Cunningham 0-0: Ball
1-0: Foul Ball, location: 2F
1-1: Ground out U3 (Groundball, 3L)
Bottom of the 5th over - 0 run(s), 0 hit(s), 0 error(s), 1 left on base; West Virginia 3 - BlackIron 2
TOP OF THE 6TH
West Virginia Power batting - Pitching for BlackIron Dragons : RHP Fernando Mendoza
Pitching: RHP Bret McJannett
Batting: LHB Héctor Soto 0-0: Ball
1-0: Swinging Strike
1-1: Ball
2-1: Ball
3-1: Foul Ball, location: 2F
3-2: Base on Balls
Batting: RHB Lance Wolf 0-0: Fly out, F6 (Popup, 56D)
Batting: LHB Jesús Ángel 0-0: Swinging Strike
0-1: Grounds into double play, 4-6-3 (Groundball, 4)
Top of the 6th over - 0 run(s), 0 hit(s), 0 error(s), 0 left on base; West Virginia 3 - BlackIron 2
BOTTOM OF THE 6TH
BlackIron Dragons batting - Pitching for West Virginia Power : LHP Abdul-Qadir bin Nasser
Batting: RHB Edgardo Carrasco 0-0: Called Strike
0-1: Called Strike
0-2: Foul Ball, location: 2F
0-2: Ground out 5-3 (Groundball, 56)
Batting: LHB Leonard Young 0-0: Called Strike
0-1: Ground out 4-3 (Groundball, 4)
Batting: RHB Jesús Cruz 0-0: Called Strike
0-1: Reached on error, E5 (Groundball, 56)
Batting: RHB Boyd Pittman 0-0: Swinging Strike
0-1: Fly out, F2 (Popup, 2RF)
Bottom of the 6th over - 0 run(s), 0 hit(s), 1 error(s), 1 left on base; West Virginia 3 - BlackIron 2
TOP OF THE 7TH
West Virginia Power batting - Pitching for BlackIron Dragons : RHP Bret McJannett
Batting: LHB Héctor Cruz 0-0: Called Strike
0-1: Foul Ball, location: 2F
0-2: Ball
1-2: Ball
2-2: Foul Ball, location: 2F
2-2: Strikes out swinging
Batting: SHB Claudio Morán 0-0: Ball
1-0: Called Strike
1-1: Swinging Strike
1-2: Strikes out swinging
Batting: RHB Dave McGrath 0-0: Swinging Strike
0-1: Foul Ball, location: 2F
0-2: Ball
1-2: Strikes out looking
Top of the 7th over - 0 run(s), 0 hit(s), 0 error(s), 0 left on base; West Virginia 3 - BlackIron 2
BOTTOM OF THE 7TH
BlackIron Dragons batting - Pitching for West Virginia Power : LHP Abdul-Qadir bin Nasser
Batting: LHB Culley Vaughan 0-0: Ball
1-0: Ball
2-0: Foul Ball, location: 2F
2-1: Called Strike
2-2: Ball
3-2: Foul Ball, location: 2F
3-2: Base on Balls
Pinch Hitting: RHB Frank Maxwell 0-0: Ball
1-0: Ball
2-0: Ball
3-0: Called Strike
3-1: Fly out, F7 (Flyball, 7D)
Pitching: RHP Kenny Skinner
Batting: SHB Rick Turner 0-0: Ball
1-0: Ball
2-0: Called Strike
2-1: Foul Ball, location: 2F
2-2: Ball
3-2: Grounds into double play, U6-3 (Groundball, 6M)
Bottom of the 7th over - 0 run(s), 0 hit(s), 0 error(s), 0 left on base; West Virginia 3 - BlackIron 2
TOP OF THE 8TH
West Virginia Power batting - Pitching for BlackIron Dragons : RHP Bret McJannett
Pitching: RHP Julián Romero
Now in RF: Gil Palmer
Batting: RHB Roberto Tobías 0-0: Ball
1-0: Foul Ball, location: 2F
1-1: Ball
2-1: Called Strike
2-2: Ground out 5-3 (Groundball, 56)
Batting: SHB Edward Bartlett 0-0: Swinging Strike
0-1: Swinging Strike
0-2: Ground out U3 (Groundball, 3S)
Batting: LHB Bernardo Montés 0-0: Swinging Strike
0-1: Ball
1-1: Swinging Strike
1-2: Ball
2-2: Strikes out swinging
Top of the 8th over - 0 run(s), 0 hit(s), 0 error(s), 0 left on base; West Virginia 3 - BlackIron 2
BOTTOM OF THE 8TH
BlackIron Dragons batting - Pitching for West Virginia Power : RHP Kenny Skinner
Batting: RHB Eugene Payne 0-0: Ground out 4-3 (Groundball, 4)
Batting: LHB Donnie Cunningham 0-0: Foul Ball, location: 2F
0-1: Ground out 6-3 (Groundball, 6)
Batting: RHB Edgardo Carrasco 0-0: Foul Ball, location: 2F
0-1: Fly out, F7 (Flyball, 78M)
Bottom of the 8th over - 0 run(s), 0 hit(s), 0 error(s), 0 left on base; West Virginia 3 - BlackIron 2
TOP OF THE 9TH
West Virginia Power batting - Pitching for BlackIron Dragons : RHP Julián Romero
Pitching: LHP Ricardo Vega
Batting: LHB Héctor Soto 0-0: Ball
1-0: Foul Ball, location: 2F
1-1: Ball
2-1: Foul Ball, location: 2F
2-2: Strikes out swinging
Batting: RHB Lance Wolf 0-0: Foul Ball, location: 2F
0-1: Ball
1-1: Called Strike
1-2: Strikes out swinging
Batting: LHB Jesús Ángel 0-0: Foul Ball, location: 2F
0-1: Swinging Strike
0-2: Ball
1-2: Strikes out swinging
Top of the 9th over - 0 run(s), 0 hit(s), 0 error(s), 0 left on base; West Virginia 3 - BlackIron 2
BOTTOM OF THE 9TH
BlackIron Dragons batting - Pitching for West Virginia Power : RHP Kenny Skinner
Pitching: RHP Rafael Trujillo
Now in CF: Ben Dougherty
Batting: LHB Leonard Young 0-0: Fly out, F9 (Flyball, 89D)
Batting: RHB Jesús Cruz 0-0: Ball
1-0: Called Strike
1-1: Foul Ball, location: 2F
1-2: Ball
2-2: Ground out 4-3 (Groundball, 34)
Batting: RHB Boyd Pittman 0-0: Ball
1-0: Ball
2-0: Called Strike
2-1: Called Strike
2-2: Ground out 5-3 (Groundball, 5)
Bottom of the 9th over - 0 run(s), 0 hit(s), 0 error(s), 0 left on base; West Virginia 3 - BlackIron 2
This league is powered by Out of the Park Baseball, the baseball management simulation game for PC, Mac and Linux
Tuesday, August 2nd, 2016 - OOTP Baseball 16.8 Build 38